 Dungeon Sprint DCSS version 0.19.1 (webtiles) character file.

472 equalderp2856 the Gouger (level 6, 0/31 HPs)
             Began as a Felid Fighter on Dec 3, 2016.
             Was a Believer of Lugonu.
             Slain by a black mamba (15 damage)
             ... in the Dungeon (Sprint IX: "|||||||||||||||||||||||||||||").
             The game lasted 00:01:41 (686 turns).

equalderp2856 the Gouger (Felid Fighter)             Turns: 686, Time: 00:01:42

Health: 0/31       AC:  2    Str: 13    XL:     6   Next: 83%
Magic:  7/7        EV: 25    Int: 10    God:    Lugonu [**....]
Gold:   6          SH:  0    Dex: 16    Spells: 0 memorised, 5 levels left
                                        Lives:  0   Deaths: 1

rFire  . . .     SeeInvis +       - Unarmed
rCold  . . .     Gourm    .     (armour unavailable)
rNeg   . . .     Faith    .     (shield unavailable)
rPois  .         Spirit   .     (helmet unavailable)
rElec  .         Reflect  .     (cloak unavailable)
rCorr  .         Harm     .     (gloves unavailable)
MR     .....     NoTele   +     (boots unavailable)
Stlth  +++.......               (no amulet)
                                (no ring)
                                (no ring)

@: quick
A: no armour, no weapons or thrown items, stealth, claws 1, fangs 3, see
invisible, carnivore 3, speed 1, shaggy fur 2, slow metabolism 1, sharp paws
a: Bend Space, Renounce Religion


You were in the Dungeon.
You worshipped Lugonu.
Lugonu was pleased with you.
You were not hungry.

You visited 1 branch You collected 6 gold pieces.

Inventory:

Jewellery
 m - a +3 ring of strength
 n - a +3 ring of intelligence
Wands
 l - a wand of iceblast (7/15)
Scrolls
 h - 2 scrolls of blinking
 j - 3 scrolls of remove curse
 k - 2 scrolls of amnesia
 q - a scroll of recharging
 r - 4 scrolls of fear
Potions
 a - a potion of might
 c - 5 potions of curing
 d - a potion of invisibility
 e - 4 potions of haste
 f - 4 potions of magic
 g - a potion of berserk rage
 i - 3 potions of heal wounds
 o - a potion of cure mutation
 p - a potion of brilliance
Comestibles
 b - a meat ration


   Skills:
 + Level 6.7 Fighting
 + Level 9.7 Dodging
 + Level 4.0 Stealth
 + Level 12.2 Unarmed Combat


You had 5 spell levels left.
You didn't know any spells.

Dungeon Overview and Level Annotations

Branches:
Dungeon (1/1)

Altars:
Cheibriados
Dithmenos
Elyvilon
Fedhas
Gozag
Hepliaklqana
Kikubaaqudgha
Makhleb
Nemelex Xobeh
Okawaru
Qazlal
Ru
Sif Muna
Trog
Uskayaw
Vehumet
Xom
Yredelemnul
Zin
The Shining One
Beogh
Jiyva
Lugonu


Innate Abilities, Weirdness & Mutations

You cannot wear armour.
You are incapable of wielding weapons or throwing items.
Your paws allow you to move quietly. (Stealth)
You have sharp claws.
You have razor-sharp teeth.
You have supernaturally acute eyesight. (SInv)
You are carnivorous and can eat meat at any time.
You cover ground quickly.
You are covered in thick fur. (AC +2)
You have a slow metabolism.
Your sharp claws are effective at attacking unaware monsters.


Message History

You completely miss the bullfrog.
The bullfrog is severely wounded.
The bullfrog hits you.
You closely miss the bullfrog.
The bullfrog is severely wounded.
The bullfrog completely misses you.
A porcupine comes into view.
You claw the bullfrog!
You kill the bullfrog!
Lugonu accepts your kill.
Your Stealth skill increases to level 4!
The black mamba completely misses you.
You barely miss the black mamba. The black mamba completely misses you.
The porcupine twitches its whiskers.
You scratch the black mamba but do no damage.
The black mamba completely misses you. The black mamba misses you.
You see here 2 scrolls of enchant weapon.
The black mamba bites you!
You die...

▓▓▓▓▓▓▓▓▓▓▓▓▓▓▓▓▓▓▓▓▓▓▓▓▓▓▓
.r.Y.FSr?S@..=[......'.....
▓▓▓▓▓▓▓▓▓▓▓▓▓▓▓▓▓▓▓▓▓▓▓▓▓▓▓▓▓▓▓▓▓
.................................
▓▓▓▓▓▓▓▓▓▓▓▓▓▓▓▓▓▓▓▓▓▓▓▓▓▓▓▓▓▓▓▓▓
_______T__________'.....'..))YT†.
▓▓▓▓▓▓▓▓▓▓▓▓▓▓▓▓▓▓▓▓▓▓▓▓▓▓▓▓▓▓▓▓▓


You could see a black mamba, a yak, a spiny frog, a water moccasin and a
porcupine.

Vanquished Creatures
  A spiny frog (D)
  An ogre (D)
  2 bullfrogs (D)
  A jelly (D)
  An iguana (D)
  A gnoll (D)
  An adder skeleton (D)
  A bat zombie (D)
  A hobgoblin (D)
  A jackal (D)
  A ball python skeleton (D)
  A bat (D)
  2 kobolds (D)
15 creatures vanquished.

Notes
Turn   | Place    | Note
-------+----------+-------------------------------------------
     0 | D        | equalderp2856 the Felid Fighter began the quest for the Orb.
     0 | D        | Reached XP level 1. HP: 10/10 MP: 2/2
   106 | D        | Noticed an ogre
   106 | D        | Noticed an iguana
   114 | D        | Killed an iguana
   114 | D        | Reached skill level 5 in Dodging
   114 | D        | Reached skill level 6 in Unarmed Combat
   114 | D        | Reached XP level 2. HP: 15/15 MP: 3/3
   114 | D        | Reached XP level 3. HP: 18/18 MP: 4/4
   123 | D        | Killed an ogre
   123 | D        | Reached skill level 5 in Fighting
   123 | D        | Reached skill level 8 in Unarmed Combat
   123 | D        | Reached XP level 4. HP: 23/23 MP: 5/5
   229 | D        | Found a roughly hewn altar of Beogh.
   229 | D        | Found a snail-covered altar of Cheibriados.
   229 | D        | Found a shadowy altar of Dithmenos.
   229 | D        | Found a white marble altar of Elyvilon.
   229 | D        | Found a blossoming altar of Fedhas.
   229 | D        | Found an opulent altar of Gozag.
   230 | D        | Found a hazy altar of Hepliaklqana.
   231 | D        | Found a viscous altar of Jiyva.
   232 | D        | Found an ancient bone altar of Kikubaaqudgha.
   233 | D        | Found a corrupted altar of Lugonu.
   234 | D        | Found a burning altar of Makhleb.
   235 | D        | Found a sparkling altar of Nemelex Xobeh.
   236 | D        | Found an iron altar of Okawaru.
   237 | D        | Found a stormy altar of Qazlal.
   238 | D        | Found a sacrificial altar of Ru.
   239 | D        | Found a deep blue altar of Sif Muna.
   240 | D        | Found a bloodstained altar of Trog.
   241 | D        | Became a worshipper of Lugonu the Unformed
   241 | D        | Reached * piety under Lugonu
   242 | D        | Found a hide-covered altar of Uskayaw.
   243 | D        | Found a radiant altar of Vehumet.
   244 | D        | Found a shimmering altar of Xom.
   245 | D        | Found a basalt altar of Yredelemnul.
   246 | D        | Found a glowing silver altar of Zin.
   247 | D        | Found a glowing golden altar of the Shining One.
   272 | D        | Noticed a yak
   272 | D        | Noticed a troll
   274 | D        | Reached skill level 9 in Unarmed Combat
   274 | D        | Reached XP level 5. HP: 15/26 MP: 6/6
   344 | D        | Slain by a troll
   345 | D        | Reached XP level 4. HP: 0/23 MP: 5/5
   461 | D        | Noticed a hippogriff
   461 | D        | Noticed a four-headed hydra
   461 | D        | Noticed an eye of draining
   461 | D        | Noticed a tengu warrior
   461 | D        | Noticed a centaur warrior
   461 | D        | Noticed an ogre
   663 | D        | Noticed a water moccasin
   663 | D        | Noticed a porcupine
   663 | D        | Noticed a black mamba
   663 | D        | Noticed a bullfrog
   663 | D        | Noticed a bullfrog
   663 | D        | Noticed a spiny frog
   664 | D        | Noticed a spiny frog
   669 | D        | Killed a spiny frog
   669 | D        | Reached ** piety under Lugonu
   669 | D        | Reached skill level 11 in Unarmed Combat
   669 | D        | Reached XP level 5. HP: 28/28 MP: 6/6
   669 | D        | Gained mutation: You are covered in thick fur. (AC +2) [Felid growth]
   669 | D        | Reached XP level 6. HP: 31/31 MP: 7/7
   671 | D        | Noticed a yak
   676 | D        | Reached skill level 12 in Unarmed Combat
   681 | D        | Noticed a porcupine
   686 | D        | Slain by a black mamba

Skill      XL: |  1  2  3  4  5  6 |
---------------+-------------------+-----
Fighting       | 4 5 6 |  6.7
Dodging        | 5 6 9 |  9.7
Unarmed Combat | 6 8 11 12 | 12.2
Stealth        | 3 4 |  4.0

Action                   |  1- 3 |  4- 6 || total
-------------------------+-------+-------++-------
Melee: Unarmed           |    24 |    39 ||    63
       Bite              |     5 |     5 ||    10
       Punch             |     1 |       ||     1
  Use: Potion            |     1 |     1 ||     2
 Stab: Sleeping          |       |     1 ||     1
Armor: Skin              |       |     1 ||     1
Dodge: Dodged            |    18 |    43 ||    61
